AoeStats
← danjo

Marketplace

504158858Analyzed
1v1 RM · 1mo ago on Sep 4, 2026· 51m 49s· 2 players
Game mode
Random Map
Map size
Tiny (2 player)
Population
200
Speed
Normal
Resources
Standard
Victory
Conquest
Starting age
Dark Age
Ending age
Imperial Age
RankedLock teamsTeams togetherTeam positionsShared explorationLock speedFull tech treeHidden civsTurbo modeCheats
Victory
Defeat
🇩🇪 Malians · Germany
1002
+17
🇹🇭 Burgundians · Thailand
1022
-17
danjo
10:35 Feudal Age
15:49 Castle Age
15:59 Loom
25:57 Scale Barding Armor
26:20 Double-Bit Axe
31:23 Imperial Age
28:58 Husbandry
28:55 Horse Collar
29:58 Bloodlines
32:29 Caravan
33:18 Wheelbarrow
32:58 Heavy Camel Rider
34:16 Forging
33:58 Fletching
35:29 Chain Barding Armor
35:48 Conscription
36:31 Iron Casting
36:16 Gold Mining
36:40 Farimba
37:03 Hand Cart
37:10 Devotion
38:10 Bow Saw
38:28 Scale Mail Armor
39:56 Plate Barding Armor
40:41 Bodkin Arrow
45:15 Chain Mail Armor
SB 打碎小粉紅
5:35 Loom
9:24 Wheelbarrow
12:44 Feudal Age
12:20 Double-Bit Axe
17:51 Castle Age
17:03 Horse Collar
18:03 Bow Saw
24:42 Heavy Plow
26:12 Hand Cart
27:01 Gold Mining
27:03 Stone Mining
28:58 Crop Rotation
30:21 Two-Man Saw
31:54 Scale Barding Armor
31:59 Forging
31:52 Caravan
35:20 Imperial Age
32:37 Town Watch
33:55 Chain Barding Armor
34:10 Iron Casting
34:13 Gold Shaft Mining
34:14 Stone Shaft Mining
33:10 Cavalier
33:11 Light Cavalry
33:54 Husbandry
35:47 Paladin
37:33 Plate Barding Armor
37:27 Hussar
39:39 Blast Furnace
38:32 Fletching
39:38 Conscription
39:53 Burgundian Vineyards
41:08 Pikeman
41:49 Squires
41:38 Arson
41:54 Scale Mail Armor
41:52 Bodkin Arrow
42:09 Halberdier
43:06 Chain Mail Armor
Connection lost

Rejoining the realm…

Still unreachable

The connection could not be restored.

Session expired

The server has moved on; the page needs a fresh start.